 Dungeon Crawl Stone Soup version 0.17.0-57-g0e89251 (webtiles) character file.

3623 HandofTrog the Cruncher (level 10, -5/77 HPs)
             Began as a Human Wanderer on Dec 7, 2015.
             Was an Initiate of Gozag.
             Slain by a killer bee (7 damage)
             ... on level 8 of the Dungeon.
             The game lasted 00:30:05 (9207 turns).

HandofTrog the Cruncher (Human Wanderer)            Turns: 9207, Time: 00:30:06

Health: -5/77      AC:  9    Str: 18    XL:     10   Next: 32%
Magic:  10/10      EV: 12    Int: 14    God:    Gozag
Gold:   39         SH:  0    Dex:  9    Spells: 0 memorised, 9 levels left

rFire  + . .     SeeInvis +     F - +5 whip of Springtime {drain, +Fly rElec rPois}
rCold  . . .     Clarity  .     t - +0 ring mail (curse)
rNeg   . . .     SustAt   .     (no shield)
rPois  +         Gourm    .     y - +1 helmet {SInv}
rElec  +         Spirit   .     (no cloak)
rCorr  .         Warding  .     r - +0 pair of gloves
rMut   .         Stasis   .     (no boots)
MR     .....                    z - amulet of rage
Stlth  +.........               D - ring of fire
                                a - ring of Xom's Wantonness {Wiz rC+}

@: lethally poisoned (-5 -> -6), not resistant to hostile enchantments, very
unstealthy
A: no striking features
a: Potion Petition, Call Merchant, Bribe Branch, Renounce Religion, Evoke
Berserk Rage, Evoke Flight


You were on level 8 of the Dungeon.
You worshipped Gozag.
Gozag was noncommittal.
You were not hungry.

You visited 2 branches of the dungeon, and saw 10 of its levels.

You collected 1401 gold pieces.
You spent 198 gold pieces at shops.
You paid 1164 gold pieces to Gozag.

Inventory:

Hand Weapons
 c - a +0 quarterstaff
 F - the +5 whip of Springtime (weapon) {drain, +Fly rElec rPois}
   (You found it on level 7 of the Dungeon)

   A truly terrible weapon, it drains the life of those it strikes.
   It insulates you from electricity.
   It protects you from poison.
   It lets you fly.
Missiles
 o - 10 poisoned needles
 C - 2 tomahawks (quivered)
Armour
 r - a +0 pair of gloves (worn)
 t - a cursed +0 ring mail (worn)
 y - a +1 helmet of see invisible (worn)
 B - a +1 hat
 E - a +0 shield
Jewellery
 a - the ring of Xom's Wantonness (left hand) {Wiz rC+}
   (You found it on level 4 of the Dungeon)

   [ring of wizardry]

   It improves your spell success rate.
   It protects you from cold.
 z - an amulet of rage (around neck)
 D - a ring of fire (right hand)
Scrolls
 b - a scroll of noise {unknown}
 d - 2 scrolls of teleportation
 g - 7 scrolls of identify
 j - 2 scrolls of fog {unknown}
 k - 3 scrolls of fear {unknown}
 m - 3 scrolls of magic mapping {unknown}
 u - a scroll of immolation {unknown}
 v - a scroll of remove curse {unknown}
 x - a scroll of amnesia {unknown}
 A - 2 scrolls of recharging {unknown}
Potions
 e - a potion of magic
 f - 2 potions of flight {unknown}
 i - 3 potions of cure mutation
 l - a potion of lignification {unknown}
 s - a potion of resistance
 w - a potion of might {unknown}
Comestibles
 n - 2 meat rations
 q - a royal jelly
 G - 2 beef jerkies


   Skills:
 + Level 6.9 Fighting
 - Level 12.8 Staves
 + Level 3.5 Throwing
 * Level 5.8 Armour
 + Level 3.9 Dodging
 - Level 2.0 Stealth
 - Level 1.0 Shields


You had 9 spell levels left.
You didn't know any spells.

Dungeon Overview and Level Annotations

Branches:
Dungeon (9/15)             Temple (1/1) D:4            Lair (0/8) D:9
    Orc (0/4) D:9

Altars:
Ashenzari
Cheibriados
Elyvilon
Gozag
Kikubaaqudgha
Nemelex Xobeh
Okawaru
Qazlal
Ru
Sif Muna
Trog
Vehumet
Xom
Zin
The Shining One

Shops:
D:9 %


Message History

Unknown command.
You hit the queen bee but do no damage. You drain the queen bee!
The queen bee is almost dead.
You feel sick.
The killer bee is no longer distracted by gold.
The killer bee stings you!
* * * LOW HITPOINT WARNING * * *
The killer bee barely misses you.
Okay, then.
Read which item? (? for menu, Esc to quit)
Okay, then.
Drink which item? (? for menu, Esc to quit)
It was a potion of magic.
Magic courses through your body. The killer bee stings you.
* * * LOW HITPOINT WARNING * * *
The killer bee stings you but does no damage.
The queen bee stings you but does no damage.
The killer bee stings you!
You die...
Your body crumbles into a pile of gold.

#.###..######.#
.#.###..# #.#
..( #... #.# #.
.(. .... ..# #.
...##.## $ ..#
##. #.# #. #..#
.. #y# #. #..#
#. #y# ....
#.###@# #...y.#
#..#### $ #..#
#..# #..# #..##
>... #...##
#..# #....##
#.. ##.....##


You could see a queen bee and 2 killer bees.

Vanquished Creatures
  Grinder (D:6)
  3 yaks (D:9)
  2 basilisks (D:9)
  A sky beast (D:6)
  A porcupine (D:9)
  A black bear (D:6)
  A phantom (D:5)
  An ice beast (D:6)
  An ogre (D:7)
  A crocodile (D:9)
  4 giant frogs
  A scorpion (D:6)
  9 killer bees
  A centaur zombie (D:5)
  5 hounds
  A giant frog zombie (D:5)
  2 crimson imps
  5 orc wizards
  A quasit (D:6)
  2 jellies
  5 orc priests
  5 worker ants
  An iguana (D:5)
  A killer bee zombie (D:5)
  A hound skeleton (D:5)
  2 worker ant zombies
  Robin (D:3)
  A river rat (D:9)
  A shadow imp (D:6)
  6 adders
  12 gnolls
  An adder zombie (D:9)
  3 adder skeletons
  6 worms
  4 giant geckos
  22 orcs
  3 bats
  3 giant cockroaches
  7 hobgoblins
  6 jackals
  2 ball pythons
  A ball python skeleton (D:5)
  6 giant newts
  17 goblins
  A jackal skeleton (D:7)
  3 kobolds
  5 quokkas
  5 rats
175 creatures vanquished.

Vanquished Creatures (others)
  A fungus (D:9)
  8 plants (D:9)
9 creatures vanquished.

Grand Total: 184 creatures vanquished

Notes
Turn   | Place    | Note
--------------------------------------------------------------
     0 | D:1      | HandofTrog the Human Wanderer began the quest for the Orb.
     0 | D:1      | HandofTrog set off with: a +2 dagger, a potion of berserk rage, a +0 quarterstaff, a scroll of teleportation, a +0 robe, a bread ration
     0 | D:1      | Reached XP level 1. HP: 15/15 MP: 1/1
   365 | D:1      | Reached XP level 2. HP: 22/22 MP: 2/2
   910 | D:2      | Reached XP level 3. HP: 15/28 MP: 3/3
  1069 | D:2      | Found an opulent altar of Gozag.
  1087 | D:2      | Became a worshipper of Gozag Ym Sagoz the Greedy
  1158 | D:2      | Found a sparkling altar of Nemelex Xobeh.
  1223 | D:2      | Found a glowing golden altar of the Shining One.
  1372 | D:2      | Reached XP level 4. HP: 14/36 MP: 4/4
  1813 | D:2      | Found a white marble altar of Elyvilon.
  1927 | D:3      | Reached XP level 5. HP: 43/43 MP: 5/5
  2395 | D:3      | Found a stormy altar of Qazlal.
  2409 | D:3      | Reached skill level 5 in Fighting
  2602 | D:3      | Reached XP level 6. HP: 48/51 MP: 6/6
  2751 | D:3      | Noticed Robin
  2783 | D:3      | Killed Robin
  2916 | D:3      | Reached skill level 12 in Staves
  2916 | D:3      | Reached XP level 7. HP: 57/57 MP: 7/7
  2931 | D:4      | Got a faintly glowing iron ring
  2962 | D:4      | Identified the ring of Xom's Wantonness {Wiz rC+} (You found it on level 4 of the Dungeon)
  3177 | D:4      | Found a staircase to the Ecumenical Temple.
  3553 | Temple   | Entered the Ecumenical Temple
  3682 | D:5      | Entered Level 5 of the Dungeon
  3759 | D:5      | Found a sacrificial altar of Ru.
  3798 | D:5      | Found an iron altar of Okawaru.
  3868 | D:5      | Reached skill level 1 in Dodging
  3912 | D:5      | Reached skill level 1 in Throwing
  4089 | D:5      | Reached XP level 8. HP: 62/64 MP: 8/8
  4687 | D:6      | Noticed Grinder
  4690 | D:6      | Paralysed by Grinder for 6 turns
  4789 | D:6      | Paralysed by Grinder for 5 turns
  4813 | D:6      | Killed Grinder
  5072 | D:6      | Reached XP level 9. HP: 69/69 MP: 9/9
  5798 | D:6      | Found a shimmering altar of Xom.
  5798 | D:6      | Found a shimmering altar of Xom.
  5800 | D:6      | Found a shimmering altar of Xom.
  5933 | D:6      | Found a shimmering altar of Xom.
  5934 | D:6      | Found a shimmering altar of Xom.
  6730 | D:7      | Got a jewelled whip
  6731 | D:7      | Identified the +5 whip of Springtime {drain, +Fly rElec rPois} (You found it on level 7 of the Dungeon)
  6976 | D:7      | Found a snail-covered altar of Cheibriados.
  7094 | D:8      | Noticed a queen bee
  7487 | D:9      | Found a staircase to the Orcish Mines.
  7545 | D:9      | Reached skill level 5 in Armour
  7574 | D:9      | HP: 2/106 [yak (12)]
  7575 | D:9      | Reached XP level 10. HP: 2/77 MP: 10/10
  8394 | D:9      | Bought a slice of pizza for 18 gold pieces
  8394 | D:9      | Bought a meat ration for 60 gold pieces
  8394 | D:9      | Bought a meat ration for 60 gold pieces
  8394 | D:9      | Bought a royal jelly for 24 gold pieces
  8394 | D:9      | Bought 2 beef jerkies for 36 gold pieces
  8427 | D:9      | Found a staircase to the Lair.
  9207 | D:8      | HP: 2/77 [killer bee (2)]
  9207 | D:8      | Slain by a killer bee

Action                   |  1- 3 |  4- 6 |  7- 9 | 10-12 || total
-------------------------+-------+-------+-------+-------++-------
Melee: Quarterstaff      |   113 |   173 |   496 |    99 ||   881
       Whip              |       |       |     8 |    25 ||    33
Throw: Tomahawk          |       |       |       |     2 ||     2
Invok: Potion Petition   |       |     1 |     1 |       ||     2
       Call Merchant     |       |       |       |     1 ||     1
  Use: Scroll            |       |     7 |       |       ||     7
       Potion            |       |     1 |     6 |     4 ||    11
 Stab: Sleeping          |     1 |       |       |       ||     1
       Distracted        |       |     1 |     1 |     1 ||     3
  Eat: Chunk             |     1 |       |       |       ||     1
       Bread ration      |       |     1 |     2 |     1 ||     4
       Fruit             |       |     4 |       |       ||     4
       Beef jerky        |       |       |     1 |       ||     1
       Meat ration       |       |       |     1 |       ||     1
       Royal jelly       |       |       |     1 |       ||     1
       Pizza             |       |       |       |     1 ||     1
